 Dungeon Crawl Stone Soup version 0.20.0-7-g3b7b877 (webtiles) character file.

63 Rrauwl the Sneak (level 4, -2/29 HPs)
             Began as a Halfling Assassin on May 29, 2017.
             Slain by a gnoll
             ... wielding a +2 whip of electrocution
              (13 damage)
             ... on level 2 of the Dungeon.
             The game lasted 00:04:45 (1023 turns).

Rrauwl the Sneak (Halfling Assassin)                Turns: 1023, Time: 00:04:45

Health: -2/29      AC:  3    Str: 13    XL:     4   Next: 30%
Magic:  4/4        EV: 12    Int:  9    God:
Gold:   18         SH:  8    Dex: 15    Spells: 3/3 levels left

rFire    . . .     SeeInvis .   b - +0 blowgun
rCold    . . .     Gourm    .   m - +0 shield
rNeg     . . .     Faith    .   c - +0 robe
rPois    .         Spirit   .   (no helmet)
rElec    .         Reflect  .   d - +0 cloak
rCorr    .         Harm     .   (no gloves)
MR       .....                  (no boots)
Stlth    +++.......             (no amulet)
Regen    0.1/turn               (no ring)
MPRegen  0.1/turn               (no ring)

@: no status effects
A: mutation resistance 1
a: no special abilities


You were on level 2 of the Dungeon.
You were not hungry.

You visited 1 branch of the dungeon, and saw 2 of its levels.

You collected 18 gold pieces.

Inventory:

Hand Weapons
 a - a +2 dagger
 b - a +0 blowgun (weapon)
Missiles
 e - 2 poisoned needles (quivered)
 f - 2 curare-tipped needles
 k - 33 sling bullets
 n - 45 stones
Armour
 c - a +0 robe (worn)
 d - a +0 cloak (worn)
 m - a +0 shield (worn)
Scrolls
 h - a scroll of teleportation {unknown}
 l - a scroll of immolation {unknown}
 o - a scroll of amnesia {unknown}
 p - a scroll of fog {unknown}
Potions
 j - a potion of heal wounds
Comestibles
 g - a bread ration
 i - a royal jelly


   Skills:
 - Level 2.0 Fighting
 - Level 3.0 Short Blades
 - Level 2.0 Throwing
 + Level 1.8 Armour
 - Level 2.0 Dodging
 - Level 4.3 Stealth
 + Level 1.9 Shields


You had 3 spell levels left.
You didn't know any spells.

Dungeon Overview and Level Annotations

Branches:
Dungeon (2/15)

Altars:


Innate Abilities, Weirdness & Mutations

You are small and have problems with some larger weapons.
You are somewhat resistant to further mutation.


Message History

Found 17 poisoned needles.
There is a stone staircase leading up here.
Found a stone staircase leading down.
The gnoll looks more healthy.
The goblin shoots a stone.
The stone hits you.
You see here a stone.
Firing (i - inventory. (,) - cycle):
e - 4 poisoned needles (quivered)
Press: ? - help, Shift-Dir - straight line, f/p - gnoll
Aim: a gnoll, wielding a whip of electrocution (moderately wounded)
You shoot a poisoned needle.
The poisoned needle barely misses the gnoll.
The gnoll completely misses you.
Firing (i - inventory. (,) - cycle):
e - 3 poisoned needles (quivered)
Press: ? - help, Shift-Dir - straight line, f/p - gnoll
Aim: a gnoll, wielding a whip of electrocution (moderately wounded)
You shoot a poisoned needle. The poisoned needle hits the gnoll.
The gnoll is moderately wounded.
The gnoll hits you with a whip of electrocution.
You are electrocuted!
You die...

##.....##.#.....#
#......##.(.....#
#.##.#.<........#
####(##.#.#.....(..#
##...r##...r.....#..
.##.##.(.....#..g..#
..?....(###..##.(..#
.##.#.....(..###g#>#
#......##(## #@###
#.#..#.##)# #...# ..
#.#....(..# #...# ..#
#......#### #...#....
#...##.######...#....
#... #.##r<....<.....
... #..(g...........
#.....##...........#
###.########...####


You could see a gnoll, a goblin and a rat.

Vanquished Creatures
  2 gnolls (D:2)
  An adder (D:2)
  A dart slug (D:1)
  A leopard gecko (D:1)
  A giant cockroach (D:1)
  3 goblins (D:1)
  4 hobgoblins (D:1)
  5 kobolds
  4 bats
  3 frilled lizards (D:1)
  8 rats (D:1)
33 creatures vanquished.

Notes
Turn   | Place    | Note
-------+----------+-------------------------------------------
     0 | D:1      | Rrauwl the Halfling Assassin began the quest for the Orb.
     0 | D:1      | Reached XP level 1. HP: 14/14 MP: 1/1
   127 | D:1      | Reached XP level 2. HP: 14/19 MP: 2/2
   438 | D:1      | Reached XP level 3. HP: 23/24 MP: 3/3
   856 | D:1      | Reached skill level 1 in Shields
   961 | D:2      | Reached skill level 1 in Armour
   993 | D:2      | Reached XP level 4. HP: 23/29 MP: 4/4
  1023 | D:2      | Slain by a gnoll

Skill      XL: |  1  2  3 |
---------------+----------+-----
Fighting       | 2 |  2.0
Short Blades   | 3 |  3.0
Dodging        | 2 |  2.0
Shields        | 1 |  1.9
Armour         | 1 |  1.8
Throwing       | |  2.0
Stealth        | |  4.3

Action                   |  1- 3 |  4- 6 || total
-------------------------+-------+-------++-------
Melee: Dagger            |    98 |     6 ||   104
 Fire: Blowgun           |     2 |     4 ||     6
  Use: Potion            |     2 |       ||     2
       Scroll            |     1 |       ||     1
 Stab: Sleeping          |     5 |       ||     5
Armor: Robe              |    20 |     2 ||    22
Dodge: Dodged            |    49 |    12 ||    61
Block: Shield            |    24 |     3 ||    27
